 Dungeon Crawl Stone Soup version 0.32-a0-900-g30fb1b0edc (webtiles) character file.

Game seed: 5612068123931057522

3600 FlatIsJustice the Fighter (level 10, 0/80 HPs)
             Began as a Formicid Fighter on Apr 5, 2024.
             Was a Follower of the Shining One.
             Slain by a freezing wraith (10 damage)
             ... led by a death knight
             ... on level 8 of the Dungeon.
             The game lasted 00:08:00 (7187 turns).

FlatIsJustice the Fighter (Formicid Fighter)        Turns: 7187, Time: 00:08:00

Health: 0/80       AC: 12    Str: 24    XL:     10   Next: 32%
Magic:  12/12      EV:  8    Int:  9    God:    the Shining One [*.....]
Gold:   299        SH: 10    Dex: 13    Spells: 9/9 levels left

rFire   + . .        a - +2 broad axe (freeze)
rCold   + . .        c - +0 buckler
rNeg    . . .        b - +1 scale mail
rPois   +            (helmet unavailable)
rElec   .            G - scarf {rC+ rF+}
rCorr   .            (no gloves)
SInv    +            (no boots)
Will    +....        l - amulet of reflection
Stlth   x              - +4 ring of protection
HPRegen 0.33/turn    E - ring of poison resistance
MPRegen 0.13/turn

%: reflection
@: glowing
A: permanent stasis, dig shafts and tunnels, antennae 3, four strong arms
a: Dig, Shaft Self, Renounce Religion, Divine Shield


You were on level 8 of the Dungeon.
You worshipped the Shining One.
The Shining One was aware of your devotion.
You visited 2 branches of the dungeon, and saw 9 of its levels.

You collected 465 gold pieces.
You spent 166 gold pieces at shops.

Inventory:

Hand Weapons
 a - a +2 broad axe of freezing (weapon)
 t - a +0 heavy war axe
Missiles
 k - 24 poisoned darts
 s - 6 boomerangs (quivered)
 H - a curare-tipped dart
Armour
 b - a +1 scale mail (worn)
 c - a +0 buckler (worn)
 G - a scarf of resistance (worn)
Jewellery
 l - an amulet of reflection (around neck)
 x - a +4 ring of protection (left hand)
 E - a ring of poison resistance (right hand)
Wands
 i - a wand of mindburst (5)
 n - a wand of roots (19)
 o - a wand of flame (8)
 D - a wand of charming (10)
Scrolls
 e - 2 scrolls of enchant armour
 f - 2 scrolls of enchant weapon
 j - a scroll of identify
 p - a scroll of fear
 v - a scroll of amnesia
 w - a scroll of revelation
 y - a scroll of fog
 A - a scroll of silence
 I - 2 scrolls of butterflies
Potions
 d - 3 potions of might
 g - 3 potions of haste {unknown}
 h - 6 potions of heal wounds {unknown}
 m - 2 potions of brilliance {unknown}
 q - a potion of magic {unknown}
 r - a potion of lignification {unknown}
 u - 8 potions of curing {unknown}
 B - 2 potions of degeneration {unknown}
 F - a potion of cancellation {unknown}


   Skills:
 * Level 8.3 Fighting
 * Level 7.2 Axes
 + Level 4.8 Throwing
 + Level 6.3 Armour
 + Level 7.4 Shields
 + Level 3.1 Invocations
 + Level 5.0 Evocations


You had 9 spell levels left.
You didn't know any spells.
Your spell library contained the following spells:

 Spells                   Type           Power      Damage    Failure   Level
 Summon Small Mammal      Summ           0%         N/A       71%         1
 Call Canine Familiar     Summ           0%         N/A       97%         3
 Fugue of the Fallen      Necr           0%         N/A       97%         3
 Ozocubu's Armour         Ice            0%         N/A       97%         3
 Summon Ice Beast         Ice/Summ       0%         N/A       97%         3
 Brom's Barrelling Bould  Conj/Erth      0%         2d3       100%        4
 Summon Blazeheart Golem  Fire/Summ      0%         N/A       100%        4
 Fireball                 Conj/Fire      0%         3d3       100%        5
 Iskenderun's Battlesphe  Conj           0%         2d6       100%        5
 Summon Mana Viper        Hex/Summ       0%         N/A       100%        5
 Conjure Ball Lightning   Conj/Air       0%         3x3d6     100%        6
 Dispersal                Tloc           0%         N/A       100%        6
 Gell's Gavotte           Tloc           0%         2d(11-16) 100%        6
 Manifold Assault         Tloc           0%         N/A       100%        7
 Monstrous Menagerie      Summ           0%         N/A       100%        7
 Orb of Destruction       Conj           0%         9d5       100%        7
 Disjunction              Tloc           0%         N/A       100%        8


Dungeon Overview and Level Annotations

Branches:
Dungeon (8/15)             Temple (1/1) D:7
   Lair: D:8-11

Altars:
Ashenzari
Cheibriados
Dithmenos
Elyvilon
Fedhas
Gozag
Hepliaklqana
Kikubaaqudgha
Makhleb
Nemelex Xobeh
Okawaru
Qazlal
Ru
Sif Muna
Trog
Uskayaw
Vehumet
Wu Jian
Xom
Yredelemnul
Zin
The Shining One

Shops:
D:1 (   D:4 [   D:7 ?

Annotations:
D:3 1 transporter, HoaS's ghost, amateur DgSh


Innate Abilities, Weirdness & Mutations

You cannot be hasted, slowed, berserked, paralysed or teleported.
You can dig through walls and to a lower floor.
You have a pair of large antennae on your head. (SInv)
Your four strong arms can wield two-handed weapons with a shield.


Message History

The freezing wraith is heavily damaged.
The freezing wraith hits you. The freezing wraith freezes you! You resist.
The freezing wraith barely misses you.
You barely miss the freezing wraith.
The freezing wraith is heavily damaged.
The freezing wraith hits you. The freezing wraith freezes you! You resist.
The freezing wraith hits you!
The freezing wraith hits you but does no damage.
You block the freezing wraith's attack.
You are too injured to fight recklessly!
You are too injured to fight recklessly!
You are too injured to fight recklessly!
You are too injured to fight recklessly!
You are too injured to fight recklessly!
You are too injured to fight recklessly!
You are too injured to fight recklessly!
You are too injured to fight recklessly!
You are too injured to fight recklessly!
You are too injured to fight recklessly!
You barely miss the freezing wraith.
The freezing wraith is moderately damaged.
You block the freezing wraith's attack. x2
You hit the freezing wraith but do no damage.
The freezing wraith is moderately damaged.
You block the freezing wraith's attack. x2
You hit the freezing wraith.
The freezing wraith is heavily damaged.
You block the freezing wraith's attack. x2
You slash the freezing wraith!
The freezing wraith is severely damaged.
The freezing wraith hits you! The freezing wraith freezes you! You resist.
* * * LOW HITPOINT WARNING * * *
The freezing wraith hits you.
* * * LOW HITPOINT WARNING * * *
You hit the freezing wraith but do no damage.
The freezing wraith is severely damaged.
The freezing wraith hits you.
* * * LOW HITPOINT WARNING * * *
The freezing wraith freezes you! You resist.
You die...

. ........ # ...... #
.<...######+######
...............?..
##.................
..................
####.###W................
........@................
############.................
.............................
#.......###.................
#.......###.................
#...........................
#...........................
#...........................
#..........))...............


You could see a freezing wraith.

Vanquished Creatures
  An ugly thing (D:8)
  A hornet (D:8)
  A wyvern (D:8)
  Eustachio (D:6)
  A steam dragon (D:6)
  Menkaure (D:6)
  An ice beast (D:7)
  An orc warrior (D:7)
  4 black bears
  An ogre (D:6)
  A centaur (D:8)
  A phantom (D:5)
  3 kobold brigands
  A gnoll sergeant (D:8)
  A bullfrog (D:7)
  2 scorpions
  2 howler monkeys
  7 orc priests
  2 bombardier beetles
  3 hounds
  6 jellies
  3 orc wizards
  3 sleepcaps
  7 iguanas
  9 gnolls
  10 adders
  A white imp (D:6)
  3 dart slugs
  4 ribbon worms
  22 orcs
  5 giant cockroaches
  10 goblins
  3 hobgoblins
  4 jackals
  5 quokkas
  6 ball pythons
  3 bats
  A frilled lizard (D:1)
  15 kobolds
  8 rats
164 creatures vanquished.

Vanquished Creatures (others)
  A kobold (D:4)
1 creature vanquished.

Grand Total: 165 creatures vanquished

Notes
Turn   | Place    | Note
-------+----------+-------------------------------------------
     0 | D:1      | FlatIsJustice the Formicid Fighter began the quest for the
                  | Orb.
     0 | D:1      | Reached XP level 1. HP: 18/18 MP: 1/1
    36 | D:1      | Reached XP level 2. HP: 23/24 MP: 2/2
   219 | D:1      | Found Qealytt's Antique Weapon Boutique.
   828 | D:2      | Reached XP level 3. HP: 29/29 MP: 3/3
   854 | D:2      | Found a faded altar of an unknown god.
  1570 | D:3      | Reached skill level 1 in Evocations
  1570 | D:3      | Reached XP level 4. HP: 37/37 MP: 4/4
  1713 | D:2      | Reached skill level 4 in Fighting
  1713 | D:2      | Reached skill level 1 in Throwing
  1714 | D:2      | Reached XP level 5. HP: 29/42 MP: 5/5
  1882 | D:3      | Found a transporter.
  1883 | D:3      | Noticed HoaS's ghost (amateur DgSh)
  2064 | D:1      | Bought a glowing broad axe for 126 gold pieces
  2195 | D:3      | Found a hazy altar of Hepliaklqana.
  2196 | D:3      | Found a shimmering altar of Xom.
  2197 | D:3      | Noticed a spectral ugly thing
  2269 | D:4      | Reached XP level 6. HP: 49/49 MP: 6/6
  2747 | D:4      | Found Resse's Armour Emporium.
  2942 | D:5      | Entered Level 5 of the Dungeon
  2960 | D:5      | Reached skill level 5 in Shields
  2984 | D:5      | Reached XP level 7. HP: 55/55 MP: 7/7
  3198 | D:5      | Reached skill level 5 in Fighting
  3533 | D:5      | Reached XP level 8. HP: 56/64 MP: 8/8
  3824 | D:5      | Reached skill level 6 in Fighting
  3824 | D:5      | Reached skill level 5 in Axes
  3898 | D:6      | Noticed Menkaure
  3903 | D:6      | Killed Menkaure
  3990 | D:6      | Noticed Eustachio
  4025 | D:6      | Killed Eustachio
  4026 | D:6      | Reached skill level 5 in Armour
  4209 | D:6      | Reached XP level 9. HP: 71/71 MP: 9/9
  4555 | D:6      | Found a shadowy altar of Dithmenos.
  4652 | D:6      | Reached skill level 7 in Fighting
  4853 | D:7      | Found a staircase to the Ecumenical Temple.
  4862 | Temple   | Entered the Ecumenical Temple
  4879 | Temple   | Became a worshipper of the Shining One
  4940 | D:7      | Found a radiant altar of Vehumet.
  5224 | D:7      | Reached skill level 1 in Invocations
  5333 | D:7      | Found Mideycoco's Magic Scroll Shoppe.
  5339 | D:7      | Bought a scroll of fear for 40 gold pieces
  5580 | D:7      | Found a burning altar of Makhleb.
  6733 | D:8      | Noticed a white ugly thing
  6741 | D:8      | Killed a white ugly thing
  6742 | D:8      | Reached skill level 8 in Fighting
  6742 | D:8      | Reached XP level 10. HP: 60/80 MP: 11/11
  6996 | D:8      | Reached skill level 5 in Evocations
  7030 | D:8      | Reached * piety under the Shining One
  7172 | D:8      | Noticed a freezing wraith
  7187 | D:8      | Slain by a freezing wraith

Illustrated notes

Levels and vault maps discovered:
D:1:      amcnicky_arrival_underground_garden, layout_basic, serial_shops, shop,
          serial_glass, glass_columns_a, glass_columns_c, glass_columns_c,
          glass_columns_a, glass_columns_b, glass_columns_b,
          ebering_dispersal_statue_hall
D:2:      layout_basic, dreamdust_ecumenical_altar_statues
D:3:      layout_rooms, regret_index_temple_of_mockery,
          gammafunk_ghost_mausoleum, supply_closet_lemuel
D:4:      minmay_chambers_of_threes, layout_basic, serial_shops, shop
D:5:      layout_loops_corners
D:6:      layout_loops_ring, grunt_dithmenos_smoke, uniq_eustachio,
          uniq_menkaure
D:7:      layout_layer_cave, nicolae_vehumet_radiance, kennysheep_little_box,
          minmay_temple_entry_mini_moons, serial_shops, shop, minmay_bent
D:8:      layout_basic
Temple:   bh_familiar_temple

Skill      XL: |  1  2  3  4  5  6  7  8  9 10 |
---------------+-------------------------------+-----
Evocations     | 1 2 3 4 5 |  5.0
Fighting       | 4 5 6 8 |  8.3
Throwing       | 1 2 3 4 |  4.8
Axes           | 3 4 5 6 7 |  7.2
Armour         | 4 5 6 |  6.3
Shields        | 5 6 7 |  7.4
Invocations    | 2 3 |  3.1

Action                     |  1- 3 |  4- 6 |  7- 9 | 10-12 || total
---------------------------+-------+-------+-------+-------++-------
  Melee: War axe           |    92 |    31 |       |       ||   123
         Broad axe         |       |    68 |   230 |    28 ||   326
  Throw: Dart              |       |     2 |       |     9 ||    11
         Boomerang         |       |       |    22 |     6 ||    28
    Use: Scroll            |       |     2 |    12 |       ||    14
   Stab: Held in net/web   |     1 |       |       |       ||     1
 Armour: Scale mail        |    55 |    70 |   180 |    24 ||   329
  Dodge: Dodged            |    44 |    35 |    80 |     6 ||   165
  Block: Buckler           |    41 |    62 |   137 |    20 ||   260
         Reflection        |     3 |     4 |     4 |     1 ||    12

Table legend: (Time is in decaauts)
 A = Elapsed time spent in this place.
 B = Non-inter-level travel time spent in this place.
 C = Inter-level travel time spent in this place.
 D = Time resting spent in this place.
 E = Time spent auto-exploring this place.
 F = Levels seen in this place.
 G = Mean time per level.
                   A        B        C        D        E       F      G
               +--------+--------+--------+--------+--------+-----+--------+
         Total |   7360 |   7035 |    325 |    232 |   5548 |   9 |  817.8 |
       Dungeon |   7328 |   7026 |    302 |    232 |   5548 |   8 |  916.0 |
        Temple |     31 |      8 |     23 |      0 |      0 |   1 |   31.0 |
               +--------+--------+--------+--------+--------+-----+--------+

Top non-repeatable levels by time:
     D:7: 1741 daAuts
     D:6: 1013 daAuts
     D:2: 964 daAuts
     D:5: 949 daAuts
     D:1: 884 daAuts
     D:4: 716 daAuts
     D:8: 599 daAuts
     D:3: 459 daAuts
  Temple: 31 daAuts
